 Dungeon Sprint DCSS version 0.14-a0-2604-g6f603d6 (webtiles) character file.

25 BluebellGnoll the Thaumaturge (level 2, -8/15 HPs)
             Began as a Deep Elf Summoner on Feb 13, 2014.
             Was an Initiate of Sif Muna.
             Shot with an arrow by a centaur (11 damage)
             ... in the Dungeon (Sprint IX: "|||||||||||||||||||||||||||||").
             The game lasted 00:05:19 (613 turns).

BluebellGnoll the Thaumaturge (Deep Elf Summoner)    Turns: 613, Time: 00:05:20

HP  -8/15        AC  4     Str  5      XL: 2   Next: 86%
MP   6/15        EV 13     Int 22      God: Sif Muna [......]
Gold 0           SH  0     Dex 18      Spells:  2 memorised, 14 levels left

rFire  . . .     SeeInvis .     u - +2 halberd (flame)
rCold  . . .     Clarity  .     a - +0 elf robe
rNeg   . . .     Conserve .     (no shield)
rPois  .         rCorr    .     (no helmet)
rElec  .         rRot     .     q - +0 cloak
SustAb . .       Spirit   .     (no gloves)
rMut   .         Warding  .     p - +0 pair of boots
Saprov . . .     NoTele   +     (no amulet)
MR     .....                    o - +3 ring of dexterity
                                n - +3 ring of intelligence

@: very slightly contaminated, not resistant to hostile enchantments, stealthy
A: no striking features
a: Renounce Religion


You were in the Dungeon.
You worshipped Sif Muna.
Sif Muna was noncommittal.
You were not hungry.

You visited 1 branch

Inventory:

Hand weapons
 u - a +2,+2 halberd of flaming (weapon)
 v - the +4,+4 quarterstaff of Onasmat {crush, rN+ SInv}
   (You found it in the Dungeon)

   It inflicts extra damage upon your enemies.
   It protects you from negative energy.
   It enhances your eyesight.
Armour
 a - a +0 elven robe (worn)
 p - a +0 pair of boots (worn)
 q - a +0 cloak (worn)
Magical devices
 m - a wand of fire (7)
Comestibles
 c - a bread ration
Scrolls
 i - 2 scrolls of blinking
 k - 3 scrolls of remove curse
 l - 2 scrolls of amnesia
Jewellery
 n - a +3 ring of intelligence (left hand)
 o - a +3 ring of dexterity (right hand)
Potions
 d - 4 potions of curing
 e - 3 potions of heal wounds
 f - a potion of speed
 g - 4 potions of magic
 h - a potion of invisibility
Books
 b - a book of Callings

   Spells                             Type                      Level
   *Summon Small Mammal               Summoning                    1
   *Call Imp                          Summoning                    2
   Call Canine Familiar               Summoning                    3
   Summon Scorpions                   Summoning/Poison             4
   Summon Ice Beast                   Ice/Summoning                4


   Skills:
 - Level 2.4 Dodging
 - Level 2.4 Stealth
 + Level 8.2 Spellcasting
 - Level 4.3 Summonings


You had 14 spell levels left.
You knew the following spells:

 Your Spells              Type           Power        Failure   Level  Hunger
a - Summon Small Mammal   Summ           ####         1%          1    None
b - Call Imp              Summ           ####......   1%          2    None


Dungeon Overview and Level Annotations

Branches:
Dungeon (1/1)

Altars:
Ashenzari
Cheibriados
Dithmenos
Elyvilon
Fedhas
Kikubaaqudgha
Makhleb
Nemelex Xobeh
Okawaru
Sif Muna
Trog
Vehumet
Xom
Yredelemnul
Zin
The Shining One


Message History

You miscast Call Imp.
You are very lightly contaminated with residual magic.
You feel a strange surge of energy!
The centaur shoots an arrow.
The arrow misses you.
Casting: Call Imp
Confirm with . or Enter, or press ? or * to list all spells.
A beastly little devil appears in a puff of flame.
The centaur shoots an arrow.
The arrow hits you!
Ouch! That really hurt!
* * * LOW HITPOINT WARNING * * *
You swap places.
The centaur shoots an arrow.
The arrow hits your crimson imp.
You see here a +1 dwarven scale mail.
Casting: Call Imp
Confirm with . or Enter, or press ? or * to list all spells.
A beastly little devil appears in a puff of flame.
The centaur shoots an arrow.
The arrow hits your crimson imp.
The centaur shoots an arrow.
The arrow misses your crimson imp. The arrow hits you!
Ouch! That really hurt!
You die...

▓z▓
▓r▓
▓K▓
▓S▓
▓c▓
▓c▓
▓5▓
▓(▓
▓@▓
▓5▓
▓.▓
▓.▓
▓(▓
▓.▓
▓.▓
▓'▓
▓_▓


You could see 2 centaurs, an adder, a quokka, a kobold, a goblin skeleton and 2
friendly crimson imps.

Vanquished Creatures
  A worker ant (D)
  A goblin (D)
  A jackal (D)
3 creatures vanquished.

Vanquished Creatures (collateral kills)
  A giant eyeball (D)
  A giant cockroach (D)
  2 bats (D)
  A giant newt (D)
  2 kobolds (D)
7 creatures vanquished.

Vanquished Creatures (others)
  A crimson imp (D)
  A shadow imp (D)
  5 grey rats (D)
  4 quokkas (D)
  5 bats (D)
  9 rats (D)
25 creatures vanquished.

Grand Total: 35 creatures vanquished

Notes
Turn   | Place    | Note
--------------------------------------------------------------
     0 | D        | BluebellGnoll, the Deep Elf Summoner, began the quest for the Orb.
     0 | D        | Reached XP level 1. HP: 10/10 MP: 5/5
   199 | D        | Noticed a worker ant
   207 | D        | Reached skill level 5 in Spellcasting
   327 | D        | Killed a worker ant
   327 | D        | Reached skill level 7 in Spellcasting
   327 | D        | Reached XP level 2. HP: 1/15 MP: 1/14
   329 | D        | Reached skill level 8 in Spellcasting
   358 | D        | Found a deep blue altar of Sif Muna.
   358 | D        | Found an ancient bone altar of Kikubaaqudgha.
   358 | D        | Found a glowing silver altar of Zin.
   358 | D        | Found a shattered altar of Ashenzari.
   358 | D        | Found a white marble altar of Elyvilon.
   358 | D        | Found a bloodstained altar of Trog.
   358 | D        | Found a blossoming altar of Fedhas.
   359 | D        | Found a glowing golden altar of the Shining One.
   360 | D        | Found a basalt altar of Yredelemnul.
   361 | D        | Became a worshipper of Sif Muna the Loreminder
   362 | D        | Found a snail-covered altar of Cheibriados.
   363 | D        | Found a shimmering altar of Xom.
   364 | D        | Found a radiant altar of Vehumet.
   365 | D        | Found an iron altar of Okawaru.
   366 | D        | Found an ancient bone altar of Kikubaaqudgha.
   367 | D        | Found a burning altar of Makhleb.
   368 | D        | Found a deep blue altar of Sif Muna.
   369 | D        | Found a sparkling altar of Nemelex Xobeh.
   370 | D        | Found a shadowy altar of Dithmenos.
   402 | D        | Got the +4,+4 quarterstaff of Onasmat {crush, rN+ SInv}
   495 | D        | Learned a level 2 spell: Call Imp
   605 | D        | Noticed a centaur
   605 | D        | Noticed a centaur
   613 | D        | Shot with an arrow by a centaur

Action                   || total
-------------------------++-------
Melee: Club              ||    14
 Cast: Summon Small Mamm ||    31
       Call Imp          ||     4
  Use: Potion            ||     2
 Stab: Sleeping          ||     1
